 Dungeon Crawl Stone Soup version 0.27.0-1-g7a089689b8 (webtiles) character file.

Game seed: 8708600368791829128

70 sanka the Ducker (level 4, -1/30 HPs)
             Began as a Vampire Hedge Wizard on Aug 11, 2021.
             Was a Believer of Cheibriados.
             Slain by Sigmund (9 damage)
             ... on level 3 of the Dungeon.
             The game lasted 00:05:04 (2732 turns).

sanka the Ducker (Vampire Hedge Wizard)             Turns: 2732, Time: 00:05:04

Health: -1/30      AC:  3    Str: 13    XL:     4   Next: 4%
Magic:  1/8        EV: 13    Int: 21    God:    Cheibriados [**....]
Gold:   131        SH:  0    Dex: 17    Spells: 6/9 levels left

rFire    . . .     SeeInvis +   a - +0 dagger
rCold    . . .     Faith    .   (no shield)
rNeg     . . .     Spirit   .   d - +0 robe
rPois    .         Reflect  .   m - +0 helmet
rElec    .         Harm     .   (no cloak)
rCorr    .         Rampage  .   (no gloves)
Will     .....                  (no boots)
Stlth    ++........             (no amulet)
HPRegen  0.30/turn              (no ring)
MPRegen  0.11/turn              (no ring)

@: healing quickly, very slow
A: alive, fangs 3, see invisible, vampiric 2
a: Exsanguinate, Renounce Religion, Bend Time


You were on level 3 of the Dungeon.
You worshipped Cheibriados.
Cheibriados was pleased with you.
You visited 1 branch of the dungeon, and saw 3 of its levels.

You collected 131 gold pieces.


Innate Abilities, Weirdness & Mutations

Your natural rate of healing is accelerated.
You have razor-sharp teeth.
You have supernaturally acute eyesight. (SInv)
You are afflicted with vampirism and can become a bat while bloodless.


   Skills:
 + Level 3.5 Dodging
 - Level 3.0 Stealth
 - Level 3.0 Spellcasting
 - Level 0.6 Conjurations
 - Level 3.0 Summonings
 - Level 0.7 Translocations


You had 6 spell levels left.
You knew the following spells:

 Your Spells              Type           Power      Damage    Failure   Level
x - Call Imp              Summ           15%        N/A       6%          2
z - Magic Dart            Conj           20%        1d4       11%         1

Your spell library contained the following spells:

 Spells                   Type           Power      Damage    Failure   Level
 Blink                    Tloc           N/A        N/A       16%         2
 Slow                     Hex            3%         N/A       21%         2
 Conjure Flame            Conj/Fire      4%         6-21      34%         3
 Portal Projectile        Hex/Tloc       8%         N/A       34%         3
 Mephitic Cloud           Conj/Pois/Air  3%         N/A       36%         3
 Blade Hands              Tmut           1%         N/A       98%         5
 Excruciating Wounds      Necr           1%         N/A       98%         5

Inventory:

Hand Weapons
 a - a +0 dagger (weapon)
Armour
 d - a +0 robe (worn)
 m - a +0 helmet (worn)
Magical Staves
 b - a staff of conjuration {!a}
 k - a staff of air
Wands
 l - a wand of digging (1)
Scrolls
 g - a scroll of fear {unknown}
 h - 2 scrolls of teleportation {unknown}
 j - 2 scrolls of amnesia {unknown}
Potions
 e - a potion of curing {unknown}
 f - a potion of magic {unknown}
 i - a potion of degeneration {unknown}

Dungeon Overview and Level Annotations

Branches:
Dungeon (3/15)

Altars:
Cheibriados

Annotations:
D:3 Sigmund

▒▒▒▒▒▒..... ▒(▒▒.........)
▒.▒▒.▒▒▒▒.....
▒.▒▒.▒▒▒...▒▒.
▒.▒........▒▒.
▒▒▒.▒..▒....▒▒▒. ▒▒
▒.▒.▒....▒▒▒.▒▒. [
▒.▒▒▒▒▒.▒.▒...▒▒▒▒▒.▒. ..
▒..)V........▒▒......
▒.▒▒▒▒▒▒@▒▒▒...▒▒..▒▒.▒▒...
▒....▒▒▒..▒▒...▒▒..........
▒▒▒▒.@...▒.▒...▒▒▒▒▒...▒▒..
▒..5.▒▒..▒▒....▒ ▒▒.▒▒▒▒.
▒.▒▒.▒▒..▒▒▒...▒▒▒▒▒▒.▒ ▒▒
▒.▒▒.▒▒..▒ ▒▒)....... ▒
▒..S▒▒.....▒▒▒▒.▒▒▒▒▒▒▒.
▒▒.▒▒▒..................


You could see Sigmund.


Message History

Your shadow imp dies!
Sigmund hits your crimson imp with a +0 scythe!
Sigmund points at you and mumbles some strange words.
The magic dart hits your shadow imp.
Your shadow imp hits Sigmund.
Sigmund hits your shadow imp with a +0 scythe.
Your shadow imp gestures at Sigmund.
Sigmund writhes in agony!
Sigmund gestures at you while chanting. The magic dart hits your shadow imp!
Your shadow imp dies!
A beastly little devil appears in a puff of flame.
Sigmund hits you from afar with a +0 scythe.
Sigmund points at you and mumbles some strange words.
The magic dart hits you.
* * * LOW HITPOINT WARNING * * *
Sigmund points at you and mumbles some strange words.
Sigmund hits your crimson imp with a +0 scythe!
Your crimson imp dies!
Your crimson imp barely misses Sigmund.
Your crimson imp barely misses Sigmund.
Sigmund gestures at you while chanting.
Your crimson imp barely misses Sigmund.
Your crimson imp hits Sigmund.
Sigmund points at you and mumbles some strange words.
The puff of flame hits you!
* * * LOW HITPOINT WARNING * * *
You see here a +0 club.
Sigmund hits you from afar with a +0 scythe!
You die...

Action                   |  1- 3 |  4- 6 || total
-------------------------+-------+-------++-------
Melee: Dagger            |    20 |     1 ||    21
 Cast: Magic Dart        |    77 |     7 ||    84
       Call Imp          |    11 |     4 ||    15
 Stab: Distracted        |     1 |       ||     1
Armor: Robe              |     2 |     1 ||     3
Dodge: Dodged            |    12 |     6 ||    18

Levels and vault maps discovered:
D:1:      minmay_arrival_diagonal_passages, layout_basic,
          hellmonk_ecumenical_altar_arch_garden, minmay_fountain_box
D:2:      layout_basic
D:3:      layout_loops_ring, yredelemnul_altar_generic,
          gammafunk_ghost_abyssal_escape, roderic_cross_of_infinity,
          kennysheep_potato, uniq_jessica, uniq_robin, uniq_natasha,
          uniq_sigmund

Notes
Turn   | Place    | Note
-------+----------+-------------------------------------------
     0 | D:1      | sanka the Vampire Hedge Wizard began the quest for the Orb.
     0 | D:1      | Reached XP level 1. HP: 13/13 MP: 4/4
   351 | D:1      | Reached skill level 2 in Summonings
   375 | D:1      | Reached XP level 2. HP: 19/19 MP: 3/6
   439 | D:1      | Learned a level 2 spell: Call Imp
   524 | D:1      | Found a faded altar of an unknown god.
   560 | D:1      | Became a worshipper of Cheibriados the Contemplative
   560 | D:1      | Reached * piety under Cheibriados
  1776 | D:2      | Reached skill level 3 in Summonings
  1776 | D:2      | Gained mutation: You are afflicted with vampirism and can
                  | become a bat while bloodless. [Vampire growth]
  1776 | D:2      | Reached XP level 3. HP: 16/24 MP: 1/7
  2373 | D:3      | Noticed Natasha
  2385 | D:3      | Killed Natasha
  2386 | D:3      | Reached skill level 3 in Dodging
  2443 | D:3      | Noticed Robin
  2471 | D:3      | Killed Robin
  2495 | D:3      | Reached ** piety under Cheibriados
  2598 | D:3      | Reached XP level 4. HP: 30/30 MP: 5/8
  2703 | D:3      | Noticed Sigmund
  2732 | D:3      | Slain by Sigmund

Vanquished Creatures
  An adder (D:2)
  A worm (D:2)
  6 endoplasms
  A giant cockroach (D:1)
  4 goblins
  5 hobgoblins
  A kobold (D:1)
  3 ball pythons
  5 bats
  3 frilled lizards
  2 rats (D:1)
32 creatures vanquished.

Vanquished Creatures (collateral kills)
  Natasha (D:3)
  Robin (D:3)
  A worm (D:2)
  4 goblins (D:3)
  3 hobgoblins (D:3)
10 creatures vanquished.

Grand Total: 42 creatures vanquished
